 Dungeon Crawl Stone Soup version 0.31.0-9-g3a7656b989 (webtiles) character file.

Game seed: 3963854408196003770

438 Drazool the Digger (level 7, -14/36 HPs)
             Began as a Kobold Earth Elementalist on Jan 24, 2024.
             Demolished by an ogre
             ... wielding a +0 giant club
              (24 damage)
             ... on level 4 of the Dungeon.
             The game lasted 00:09:33 (5025 turns).

Drazool the Digger (Kobold Earth Elementalist)      Turns: 5025, Time: 00:09:34

Health: -14/36     AC: 11    Str:  5    XL:     7   Next: 21%
Magic:  6/13       EV: 15    Int: 18    God:
Gold:   173        SH:  0    Dex: 16    Spells: 4/14 levels left

rFire   . . .        i - +2 flail (protect)
rCold   . . .        (no shield)
rNeg    . . .        a - +0 robe
rPois   .            k - +0 helmet
rElec   .            (no cloak)
rCorr   .            (no gloves)
SInv    .            p - +0 pair of boots
Will    .....        (no amulet)
Stlth   ++++         (no ring)
HPRegen 0.26/turn    (no ring)
MPRegen 0.13/turn

%: no passive effects
@: no status effects
A: small, no large weapons, nightstalker 3
a: no special abilities


You were on level 4 of the Dungeon.
You visited 1 branch of the dungeon, and saw 4 of its levels.

You collected 225 gold pieces.
You spent 52 gold pieces at shops.


Innate Abilities, Weirdness & Mutations

You are small and have problems with some larger weapons.
You are completely attuned to the shadows.


   Skills:
 - Level 2.4 Dodging
 - Level 4.0 Stealth
 - Level 4.0 Spellcasting
 - Level 4.0 Conjurations
 + Level 5.1 Earth Magic


You had 4 spell levels left.
You knew the following spells:

 Your Spells              Type           Power      Damage    Failure   Level
a - Passwall              Erth           22%        N/A       5%          3
d - Tukima's Dance        Hex            3%         N/A       41%         3
w - Stone Arrow           Conj/Erth      40%        3d9       7%          3
z - Sandblast             Erth           44%        2d11      1%          1

Your spell library contained the following spells:

 Spells                   Type           Power      Damage    Failure   Level
 Cigotuvi's Dreadful Rot  Necr/Alch/Air  6%         N/A       22%         2
 Brom's Barrelling Bould  Conj/Erth      20%        2d4       22%         4
 Petrify                  Alch/Erth      12%        N/A       45%         4
 Iskenderun's Mystic Bla  Conj/Tloc      10%        2d4       54%         4
 Dimensional Bullseye     Hex/Tloc       1%         N/A       82%         4
 Ignite Poison            Fire/Alch      3%         N/A       82%         4
 Freezing Cloud           Conj/Ice/Air   4%         6-21      94%         5
 Summon Forest            Summ/Tloc      1%         N/A       99%         5
 Eringya's Noxious Bog    Alch           1%         4d6       100%        6
 Summon Hydra             Summ           1%         N/A       100%        7

Inventory:

Hand Weapons
 i - a +2 flail of protection (weapon)
Armour
 a - a +0 robe (worn)
 k - a +0 helmet (worn)
 p - a +0 pair of boots (worn)
Magical Staves
 c - a staff of fire {!a}
Jewellery
 C - a ring of ice
Wands
 s - a wand of flame (28)
 v - a wand of polymorph (4)
Scrolls
 g - a scroll of blinking {unknown}
 h - 3 scrolls of vulnerability
 j - 2 scrolls of torment
 q - a scroll of noise {unknown}
 t - 2 scrolls of teleportation {@r2}
 u - a scroll of silence {unknown}
 w - a scroll of enchant armour
 y - 2 scrolls of fear
Potions
 b - a potion of magic
 d - a potion of enlightenment {unknown}
 e - a potion of haste {unknown}
 f - 2 potions of heal wounds {@q2}
 l - a potion of might {unknown}
 m - a potion of curing {@q1}
 n - 2 potions of mutation {unknown}
 o - a potion of invisibility {unknown}
 r - a potion of ambrosia {unknown}

Dungeon Overview and Level Annotations

Branches:
Dungeon (4/15)
 Temple: D:4-7

Altars:

Shops:
D:3 *

Annotations:
D:4 Dowan, Duvessa

######
#############....#
#...O.............†.
##.###########......#
#....O@# #.........
#......# #.####....
#......# #.####)...
#......# #.##.!.#..
.....# #.##...#..
#.##...#.. #....#.#..
######(#.. #.. #.#


You could see an ogre.


Message History

Unknown command.
You start waiting.
An ogre is nearby!
The blast of sand hits the ogre!
The ogre is moderately wounded.
The ogre shouts!
The blast of sand hits the ogre.
The ogre is moderately wounded.
Casting: Sandblast (safe; 1% risk of failure)
Confirm with . or Enter, or press ? or * to list all spells.
Aiming: Passwall (dangerous; 5% risk of failure)
Press: ? - help, Dir - move target, p - ogre A rock wall.
The ogre hits you with a +0 giant club!
The ogre hits you with a +0 giant club!!
Ouch! That really hurt!
* * * LOW HITPOINT WARNING * * *
You finish merging with the rock.
Unknown command.
You start resting.
An ogre is nearby!
Casting: Passwall (dangerous; 5% risk of failure)
Confirm with . or Enter, or press ? or * to list all spells.
Aiming: Passwall (dangerous; 5% risk of failure)
Press: ? - help, Dir - move target A rock wall.
The ogre shouts!
The ogre hits you with a +0 giant club!!
Ouch! That really hurt!
You die...

Skill      XL: |  1  2  3  4  5  6 |
---------------+-------------------+-----
Earth Magic    | 4 5 |  5.1
Spellcasting   | 3 4 |  4.0
Conjurations   | 3 4 |  4.0
Stealth        | 4 |  4.0
Dodging        | |  2.4

Action                     |  1- 3 |  4- 6 |  7- 9 || total
---------------------------+-------+-------+-------++-------
  Melee: Unarmed           |       |     8 |       ||     8
   Cast: Sandblast         |    54 |    74 |     3 ||   131
         Stone Arrow       |       |     5 |       ||     5
         Passwall          |       |       |     2 ||     2
    Use: Scroll            |       |     7 |     1 ||     8
         Potion            |       |     2 |       ||     2
   Stab: Confused          |       |     2 |       ||     2
 Armour: Robe              |    12 |    16 |     3 ||    31
  Dodge: Dodged            |    22 |    27 |       ||    49

Levels and vault maps discovered:
D:1:      minmay_arrival_five_plusses, layout_rooms
D:2:      layout_basic, chequers_ecumenical_altar_simple, serial_forest,
          infiniplex_forest_lined_room_3, infiniplex_forest_lined_room_,
          infiniplex_forest_clump_curved, infiniplex_forest_end_1,
          infiniplex_forest_clump_double, infiniplex_forest_straight_3,
          infiniplex_forest_clump_curved, infiniplex_forest_clump_double,
          infiniplex_forest_clump_tiny, infiniplex_forest_lined_room_2,
          grunt_ministairs_4, minmay_misc_feat_four_crosses,
          hangedman_decor_riveting, uniq_natasha
D:3:      layout_basic, serial_shops, shop, uniq_terence
D:4:      layout_basic, mainiacjoe_overflow_big_doors, uniq_duvessa

Notes
Turn   | Place    | Note
-------+----------+-------------------------------------------
     0 | D:1      | Drazool the Kobold Earth Elementalist began the quest for
                  | the Orb.
     0 | D:1      | Reached XP level 1. HP: 10/10 MP: 3/3
   188 | D:1      | Reached XP level 2. HP: 10/15 MP: 1/5
   671 | D:1      | Reached skill level 4 in Earth Magic
   671 | D:1      | Reached XP level 3. HP: 19/19 MP: 3/6
   678 | D:1      | Learned a level 3 spell: Passwall
  1374 | D:2      | Reached skill level 3 in Spellcasting
  1423 | D:2      | Learned a level 3 spell: Stone Arrow
  1459 | D:2      | Noticed Natasha
  1469 | D:2      | Reached XP level 4. HP: 24/24 MP: 6/8
  1472 | D:2      | Killed Natasha
  1715 | D:2      | Found a faded altar of an unknown god.
  1776 | D:2      | Reached skill level 4 in Spellcasting
  1776 | D:2      | Reached XP level 5. HP: 28/28 MP: 5/11
  2371 | D:2      | Reached skill level 2 in Conjurations
  2432 | D:2      | Noticed Natasha
  2436 | D:2      | Killed Natasha
  2788 | D:2      | Found a faded altar of an unknown god.
  3101 | D:2      | Noticed Natasha
  3104 | D:2      | Killed Natasha
  3105 | D:2      | Reached skill level 3 in Conjurations
  3690 | D:3      | Reached XP level 6. HP: 32/32 MP: 7/12
  3814 | D:3      | Noticed Terence
  3828 | D:3      | Killed Terence
  3918 | D:3      | Found Jeexkai's Assorted Antiques.
  3927 | D:3      | Bought a scroll labelled ONKONU AMNIHO for 18 gold pieces
  3927 | D:3      | Bought a white potion for 16 gold pieces
  3927 | D:3      | Bought a scroll labelled YTURGH IXIZA for 18 gold pieces
  4282 | D:3      | Reached skill level 5 in Earth Magic
  4282 | D:3      | Reached skill level 3 in Stealth
  4542 | D:4      | Noticed Duvessa
  4542 | D:4      | Noticed Dowan
  4648 | D:4      | Reached skill level 4 in Stealth
  4834 | D:4      | Learned a level 3 spell: Tukima's Dance
  4914 | D:4      | Noticed a sky beast
  4918 | D:4      | Killed a sky beast
  4919 | D:4      | Reached skill level 4 in Conjurations
  4919 | D:4      | Reached XP level 7. HP: 36/36 MP: 8/13
  5025 | D:4      | Demolished by an ogre

Vanquished Creatures
  A sky beast (D:4)
  A scorpion (D:4)
  A bombardier beetle (D:3)
  Terence (D:3)
  Natasha (thrice) (D:2)
  5 adders
  3 gnolls (D:2)
  4 ribbon worms (D:2)
  6 orcs
  8 endoplasms
  4 giant cockroaches
  3 hobgoblins
  13 jackals
  4 kobolds
  3 quokkas
  5 ball pythons
  2 bats (D:1)
  3 frilled lizards
  2 goblins
  8 rats
80 creatures vanquished.

Table legend: (Time is in decaauts)
 A = Elapsed time spent in this place.
 B = Non-inter-level travel time spent in this place.
 C = Inter-level travel time spent in this place.
 D = Time resting spent in this place.
 E = Time spent auto-exploring this place.
 F = Levels seen in this place.
 G = Mean time per level.
                   A        B        C        D        E       F      G
               +--------+--------+--------+--------+--------+-----+--------+
         Total |   5088 |   4948 |    140 |    513 |   3889 |   4 | 1272.0 |
       Dungeon |   5088 |   4948 |    140 |    513 |   3889 |   4 | 1272.0 |
               +--------+--------+--------+--------+--------+-----+--------+

Top non-repeatable levels by time:
     D:2: 2677 daAuts
     D:3: 1096 daAuts
     D:1: 858 daAuts
     D:4: 456 daAuts

Table legend:
 A = Non-vault XP
 B = Vault XP
 C = Vault XP percentage of total XP
 D = Non-vault monster count
 E = Vault monster count
 F = Vault count percentage of total count
                 A         B        C        D         E       F
            +---------+---------+-------+---------+---------+-------
      Total |     552 |      74 |  11.8 |      76 |       4 |   5.0
            +---------+---------+-------+---------+---------+-------
        D:1 |      31 |       0 |   0.0 |      18 |       0 |   0.0
        D:2 |     190 |      38 |  16.7 |      29 |       3 |   9.4
        D:3 |     102 |      36 |  26.1 |      21 |       1 |   4.5
        D:4 |     229 |       0 |   0.0 |       8 |       0 |   0.0
            +---------+---------+-------+---------+---------+-------
